AoeStats
← v_nico

Black Forest

509193743Analyzed
3v3 RM · 7d ago on Sep 25, 2026· 63m 27s· 6 players
Game mode
Random Map
Map size
Normal (6 player)
Population
200
Speed
Normal
Resources
Standard
Victory
Conquest
Starting age
Dark Age
Ending age
Imperial Age
RankedLock teamsTeams togetherTeam positionsShared explorationLock speedFull tech treeHidden civsTurbo modeCheats
Victory
Defeat
🇪🇸 Tupi · Spain
786
+16
🇺🇸 Wei · United States
757
+17
🇨🇱 Persians · Chile
737
+18
🇫🇷 Franks · France
828
-33
🇫🇷 Franks · France
806
-49
🇫🇷 Bohemians · France
714
-14
Cypress Fever
0:31 Loom
15:22 Feudal Age
16:10 Horse Collar
16:18 Double-Bit Axe
17:09 Stone Mining
20:04 Gold Mining
22:27 Wheelbarrow
26:40 Castle Age
28:50 Heavy Plow
29:04 Bow Saw
32:12 Imperial Age
30:37 Hand Cart
35:36 Crop Rotation
39:22 Ming Guang Armor
40:15 Light Cavalry
40:56 Husbandry
41:07 Bloodlines
41:16 Hussar
42:19 Forging
42:18 Scale Barding Armor
42:45 Heavy Hei Guang Cavalry
43:16 Pikeman
43:57 Squires
43:43 Arson
45:08 Conscription
46:22 Iron Casting
45:31 Halberdier
55:48 Blast Furnace
55:09 Chain Barding Armor
54:50 Scale Mail Armor
56:58 Man-at-Arms
58:07 Long Swordsman
58:55 Two-Handed Swordsman
61:44 Chain Mail Armor
Bartoz
0:50 Loom
13:05 Feudal Age
13:30 Double-Bit Axe
13:28 Horse Collar
16:27 Wheelbarrow
16:43 Town Watch
20:44 Castle Age
19:49 Forging
19:31 Fletching
21:26 Bow Saw
21:19 Heavy Plow
22:43 Hand Cart
25:49 Town Patrol
27:50 Masonry
28:03 Ballistics
27:55 Masonry
34:21 Imperial Age
32:54 Caravan
34:03 Murder Holes
36:32 Two-Man Saw
36:05 Crop Rotation
37:01 Iron Casting
36:22 Bodkin Arrow
36:29 Padded Archer Armor
36:29 Scale Mail Armor
36:35 Scale Barding Armor
37:59 Chemistry
37:30 Architecture
37:32 Onager
43:08 Elite War Elephant
44:09 Conscription
44:04 Citadels
44:31 Hoardings
60:18 Blast Furnace
59:40 Chain Barding Armor
SerMan911
0:35 Loom
17:19 Feudal Age
22:14 Castle Age
20:50 Wheelbarrow
23:17 Double-Bit Axe
23:23 Gold Mining
23:24 Stone Mining
23:15 Horse Collar
23:30 Fletching
23:41 Padded Archer Armor
27:00 Bow Saw
26:51 Heavy Plow
28:27 Hand Cart
28:51 Town Watch
30:41 Gold Shaft Mining
32:50 Town Patrol
37:49 Imperial Age
35:41 Bodkin Arrow
36:01 Leather Archer Armor
35:57 Forging
35:48 Scale Mail Armor
36:14 Ballistics
35:51 Murder Holes
36:10 Caciques
38:08 Squires
37:54 Arson
37:29 Champi Runner
37:30 Pikeman
38:13 Champi Warrior
38:14 Halberdier
38:16 Elite Ibirapema Warrior
38:20 Elite Blackwood Archer
40:11 Two-Man Saw
39:21 Elite Champi Warrior
41:04 Chemistry
40:42 Conscription
42:31 Bracer
43:01 Ring Archer Armor
43:07 Iron Casting
42:48 Chain Mail Armor
42:20 Treadmill Crane
42:27 Arrowslits
43:50 Curare
49:23 Plate Mail Armor
58:34 Caravan
61:32 Caravan
maxitotor
12:00 Feudal Age
12:35 Double-Bit Axe
14:18 Gold Mining
18:17 Castle Age
17:29 Stone Mining
19:42 Bow Saw
20:53 Gold Shaft Mining
21:00 Wheelbarrow
22:30 Caravan
25:34 Hand Cart
30:31 Pikeman
31:11 Squires
30:57 Arson
31:32 Town Watch
32:10 Forging
32:00 Scale Mail Armor
32:06 Scale Barding Armor
32:02 Padded Archer Armor
31:52 Fletching
35:36 Imperial Age
33:35 Husbandry
34:39 Masonry
34:26 Murder Holes
36:07 Town Patrol
36:42 Ballistics
37:23 Chemistry
36:13 Guard Tower
36:09 Arrowslits
36:34 Fortified Wall
36:55 Architecture
36:01 Cavalier
37:29 Paladin
40:35 Iron Casting
40:16 Chain Mail Armor
40:21 Chain Barding Armor
40:01 Bodkin Arrow
40:22 Leather Archer Armor
41:06 Hoardings
40:15 Treadmill Crane
40:40 Siege Engineers
43:45 Blast Furnace
43:16 Plate Mail Armor
44:24 Chivalry
43:45 Elite Throwing Axeman
44:45 Halberdier
51:57 Heavy Scorpion
55:48 Plate Barding Armor
v_nico
12:00 Feudal Age
12:46 Double-Bit Axe
12:44 Horse Collar
22:10 Castle Age
21:35 Forging
21:25 Scale Mail Armor
21:26 Padded Archer Armor
27:01 Town Watch
27:52 Wheelbarrow
29:22 Bow Saw
30:08 Heavy Plow
31:04 Pikeman
31:46 Squires
31:06 Man-at-Arms
31:49 Husbandry
31:10 Light Cavalry
35:07 Imperial Age
32:59 Caravan
34:12 Hand Cart
33:49 Fletching
34:15 Leather Archer Armor
34:36 Iron Casting
34:16 Chain Mail Armor
36:13 Town Patrol
36:12 Bodkin Arrow
36:48 Ring Archer Armor
36:35 Chain Mail Armor
36:25 Scale Barding Armor
36:28 Elite Skirmisher
36:34 Halberdier
38:30 Two-Man Saw
38:03 Bracer
39:04 Blast Furnace
38:14 Elite Hussite Wagon
39:58 Ballistics
40:39 Chemistry
40:22 Fortified Wall
40:00 Arrowslits
40:18 Cavalier
40:50 Heavy Scorpion
42:58 Plate Mail Armor
42:49 Chain Barding Armor
42:14 Houfnice
44:06 Conscription
43:41 Guard Tower
44:17 Loom
43:54 Long Swordsman
44:20 Arson
60:32 Hussite Reforms
60:32 Wagenburg Tactics
61:16 Masonry
61:12 Siege Engineers
61:27 Bombard Tower
61:43 Keep
60:42 Two-Handed Swordsman
76LHVivi
12:38 Feudal Age
13:15 Double-Bit Axe
16:26 Town Watch
17:21 Wheelbarrow
21:11 Castle Age
29:36 Gold Mining
29:37 Stone Mining
33:32 Imperial Age
31:56 Caravan
32:32 Husbandry
35:24 Loom
42:22 Cavalier
56:50 Conscription
56:22 Cranequins
57:33 Elite Throwing Axeman
62:04 Hoardings
Connection lost

Rejoining the realm…

Still unreachable

The connection could not be restored.

Session expired

The server has moved on; the page needs a fresh start.